[Event "Titled Tuesday Blitz March 08 Late 2022"]
[White "Svane, Rasmus"]
[Black "Arabidze, Meri"]
[WhiteFideId "4657101"]
[BlackFideId "13604040"]
[WhiteElo "2645"]
[BlackElo "2335"]
[Result "1-0"]
[Round "10"]
[TimeControl "180+1"]
[Date "2022.03.08"]
[WhiteClock "0:00:12"]
[BlackClock "0:00:02"]

1. Nf3 f5 2. d3 Nf6 3. e4 d6 4. Nc3 e5 5. exf5 Bxf5 6. d4 e4 7. Nh4 Qd7 8. f3 d5 9. g4 Be6 10. g5 Ng8 11. fxe4 dxe4 12. Bg2 Bg4 13. Qd2 Nc6 14. d5 Ne5 15. Bxe4 O-O-O 16. Qd4 Nc6 17. Qe3 Nb4 18. Qxa7 Qe7 19. Be3 Kd7 20. a3 Ra8 21. Qxa8 Nxc2+ 22. Kd2 Nxe3 23. Kxe3 Qc5+ 24. Kd3 Bd6 25. Rhf1 h6 26. Ng6 hxg5 27. Nxh8 Bf4 28. Rae1 Nf6 29. Nf7 Nxe4 30. Qd8# 1-0


[Site "https://www.chess.com"]

[Event "Titled Tuesday Blitz March 08 Late 2022"]
[White "Todorovic, Bojan"]
[Black "Petrovic, Aleksa"]
[WhiteFideId "917087"]
[BlackFideId "967629"]
[WhiteElo "2266"]
[BlackElo "2245"]
[Result "1/2-1/2"]
[Round "10"]
[TimeControl "180+1"]
[Date "2022.03.09"]
[WhiteClock "0:00:05"]
[BlackClock "0:00:08"]

1. d4 Nf6 2. c4 e6 3. Nf3 b6 4. g3 Ba6 5. b3 Bb4+ 6. Bd2 Be7 7. Bg2 c6 8. Bc3 d5 9. Nbd2 Nbd7 10. O-O O-O 11. Qc2 c5 12. e4 dxc4 13. bxc4 cxd4 14. Nxd4 Rc8 15. e5 Nxe5 16. Nxe6 fxe6 17. Bxe5 Rc5 18. Bf4 Nd5 19. Be5 Ne3 20. fxe3 Rxf1+ 21. Rxf1 Rxe5 22. Ne4 Bb7 23. Rd1 Qc7 24. Qd3 Bxe4 25. Bxe4 h6 26. Bh7+ Kh8 27. Bg6 Kg8 28. Qd7 Qxd7 29. Rxd7 Kf8 30. Rxa7 Bc5 31. Rf7+ Kg8 32. Rd7 Kf8 33. Rf7+ Kg8 34. Rd7 Kf8 35. Rf7+ 1/2-1/2


[Site "https://www.chess.com"]

[Event "Titled Tuesday Blitz March 08 Late 2022"]
[White "Vifleemskaia, Svetlana"]
[Black "Butti, Enrique"]
[WhiteFideId "4129490"]
[BlackFideId "3700470"]
[WhiteElo "1901"]
[BlackElo "2080"]
[Result "1-0"]
[Round "10"]
[TimeControl "180+1"]
[Date "2022.03.09"]
[WhiteClock "0:00:43"]
[BlackClock "0:01:11"]

1. d4 d5 2. c4 c6 3. cxd5 cxd5 4. Bf4 Nc6 5. e3 Nf6 6. Nc3 a6 7. Bd3 Bg4 8. Nge2 e6 9. O-O Bd6 10. f3 Bh5 11. g4 Bg6 12. Kg2 O-O 13. Rh1 e5 14. Bg5 Be7 15. h4 Nxg4 16. fxg4 Bxg5 17. hxg5 e4 18. Bc2 Qxg5 19. Ng3 Qxe3 20. Nxd5 Qxd4 21. Qxd4 Nxd4 22. Ne7+ Kh8 23. Nxg6+ fxg6 24. Bxe4 Rf6 25. Bxb7 Rb8 26. Rac1 h6 27. Rc8+ Rxc8 28. Bxc8 Rb6 29. b3 Rc6 30. Bb7 Rc2+ 31. Kh3 Ne6 32. Ne4 Nf4+ 33. Kg3 g5 34. Rh2 Rc7 35. Bxa6 Kg8 36. Bc4+ Kf8 37. Kf3 Ke7 38. Rd2 1-0


[Site "https://www.chess.com"]

[Event "Titled Tuesday Blitz March 08 Late 2022"]
[White "Warakomska, Anna"]
[Black "Calcada, Lucas Galvan"]
[WhiteFideId "1130790"]
[BlackFideId "22746099"]
[WhiteElo "2062"]
[BlackElo "1402"]
[Result "0-1"]
[Round "10"]
[TimeControl "180+1"]
[Date "2022.03.09"]
[WhiteClock "0:00:10"]
[BlackClock "0:01:39"]

1. e4 c5 2. Nf3 d6 3. Bb5+ Nd7 4. O-O a6 5. Bxd7+ Bxd7 6. d4 cxd4 7. Nxd4 e6 8. c4 Qc7 9. b3 Nf6 10. Re1 Be7 11. Bb2 b5 12. cxb5 axb5 13. Nc3 Qb7 14. Qd3 b4 15. Ncb5 O-O 16. a4 bxa3 17. Nxa3 Rfb8 18. Nc4 e5 19. Rxa8 Qxa8 20. Nf5 Bxf5 21. exf5 Qc6 22. h3 Nd7 23. Qg3 f6 24. Ba3 Bf8 25. Rd1 d5 26. Bxf8 Nxf8 27. Ne3 d4 28. Nc4 Qe4 29. Nd6 Qc2 30. Qf3 Qxb3 31. Rc1 Qxf3 32. gxf3 Rd8 33. Nb7 Rb8 34. Rc7 g6 35. fxg6 Nxg6 36. Kf1 Nf4 37. Ke1 Nxh3 38. Kd2 Nf4 39. Rd7 h5 0-1


[Site "https://www.chess.com"]

[Event "Titled Tuesday Blitz March 08 Late 2022"]
[White "Yuan, Qingyu"]
[Black "Estrada Nieto, Julian"]
[WhiteFideId "8609772"]
[BlackFideId "5101018"]
[WhiteElo "2359"]
[BlackElo "2246"]
[Result "0-1"]
[Round "10"]
[TimeControl "180+1"]
[Date "2022.03.08"]
[WhiteClock "0:00:08"]
[BlackClock "0:00:02"]

1. e4 e5 2. Nf3 Nc6 3. Bb5 a6 4. Ba4 Nf6 5. O-O Be7 6. Re1 b5 7. Bb3 d6 8. c3 O-O 9. h3 Bb7 10. d4 Re8 11. Ng5 Rf8 12. Nf3 Re8 13. Nbd2 Bf8 14. Bc2 h6 15. Nf1 exd4 16. cxd4 Nb4 17. Ng3 Nxc2 18. Qxc2 Qd7 19. b3 Nxe4 20. Nxe4 Qf5 21. Nfd2 d5 22. Qxc7 Re7 23. Nf6+ Qxf6 24. Rxe7 Qxe7 25. Qxe7 Bxe7 26. Bb2 Rc8 27. Rc1 Rxc1+ 28. Bxc1 Bb4 29. Nf3 f6 30. Kf1 Bc8 31. Bd2 Ba3 32. g4 h5 33. Nh2 hxg4 34. hxg4 Bd6 35. f4 g5 36. Kf2 gxf4 37. Kf3 Kf7 38. Bxf4 Bb4 39. Nf1 Bc3 40. Be3 Bd7 41. Ng3 b4 42. Ne2 Be1 43. Nf4 Bc6 44. Ke2 Bc3 45. Kf3 Ke7 46. Nh5 Ke6 47. Nf4+ Kd6 48. Bf2 Bb5 49. Ke3 Bb2 50. Nh5 Bc1+ 51. Kf3 Bg5 52. Be3 Bd3 53. Bxg5 fxg5 54. Ke3 Bb1 55. Kd2 Be4 56. Ke3 Bb1 57. Kd2 Be4 58. Ng3 Bf3 59. Nf5+ Ke6 60. Ne3 Be4 61. Kc1 Kd6 62. Kb2 Kc6 0-1


[Site "https://www.chess.com"]

[Event "Titled Tuesday Blitz March 08 Late 2022"]
[White "orkinyo12345"]
[Black "Bryakin, Mikhail"]
[BlackFideId "4165314"]
[WhiteElo "2534"]
[BlackElo "2417"]
[Result "1-0"]
[Round "10"]
[TimeControl "180+1"]
[Date "2022.03.08"]
[WhiteClock "0:00:04"]
[BlackClock "0:00:17"]

1. c4 g6 2. Nc3 Bg7 3. g3 Nf6 4. Bg2 O-O 5. Nf3 d6 6. O-O Nc6 7. d4 a6 8. b3 Rb8 9. d5 Na5 10. Bg5 b5 11. cxb5 axb5 12. b4 Nc4 13. Nd4 Bd7 14. Qb3 h6 15. Bxf6 Bxf6 16. Rfd1 Nb6 17. Rac1 Na4 18. Ne4 Bg7 19. e3 Nb6 20. Nc3 Qe8 21. Bf1 Bxd4 22. exd4 e6 23. Re1 Kg7 24. Bh3 Nc4 25. dxe6 fxe6 26. Nxb5 Bxb5 27. Bxe6 Nd2 28. Rxc7+ Kh8 29. Qe3 Nf3+ 30. Kh1 g5 31. Qe4 Bd7 32. Rxd7 Qxd7 33. Bxd7 Nxe1 34. Qg6 Rxb4 35. Qxh6+ Kg8 36. Be6+ Rf7 37. Qg6+ Kh8 38. Bxf7 1-0


[Site "https://www.chess.com"]

[Event "Titled Tuesday Blitz March 08 Late 2022"]
[White "Adewumi, Tanitoluwa"]
[Black "Fiorito, Fabian"]
[WhiteFideId "30966396"]
[BlackFideId "100200"]
[WhiteElo "2549"]
[BlackElo "2395"]
[Result "1/2-1/2"]
[Round "11"]
[TimeControl "180+1"]
[Date "2022.03.08"]
[WhiteClock "0:00:13"]
[BlackClock "0:00:22"]

1. Nc3 d5 2. d4 Nf6 3. Bf4 a6 4. e3 e6 5. Bd3 c5 6. dxc5 Bxc5 7. Nf3 Nbd7 8. O-O b5 9. a3 Bb7 10. Qe2 O-O 11. Rad1 Qb6 12. e4 dxe4 13. Nxe4 Nxe4 14. Bxe4 Bxe4 15. Qxe4 Nf6 16. Qe2 a5 17. Be5 Nd5 18. Qe4 Rad8 19. Ng5 g6 20. Qh4 h5 21. Ne4 Be7 22. Qxe7 Nxe7 23. Nf6+ Kh8 24. Nd7+ f6 25. Bxf6+ Rxf6 26. Nxb6 Rxd1 27. Rxd1 Rf5 28. Rd7 Nc6 29. c3 b4 30. axb4 axb4 31. g3 bxc3 32. bxc3 Rc5 33. Rc7 Rxc3 34. Nd7 Nd4 35. Ra7 Nb5 36. Rb7 Nd6 37. Rb6 Rd3 38. Nc5 Rd1+ 39. Kg2 e5 40. Nd7 e4 41. Ne5 Kg7 42. h4 Kf6 43. Nc4 Ke6 44. Ne3 Rd2 45. Rb8 Nf5 46. Re8+ Kf6 47. Rxe4 Nxe3+ 48. Rxe3 Ra2 49. Kf3 Rb2 50. Re2 Rb3+ 51. Kg2 Rc3 52. Ra2 Rb3 53. Ra6+ Kf5 54. Kh3 Rc3 55. Ra5+ Kf6 56. Ra6+ Kf5 57. Ra8 Kf6 58. Rf8+ Kg7 59. Rf4 Rc1 60. Kg2 Rc2 61. Re4 Kf6 62. Rf4+ Ke5 63. Kf3 Ke6 64. Ke3 Ra2 65. Rf8 Ke7 66. Rf3 Ke6 67. Kf4 Kf6 68. Ke3+ Ke5 69. Rf8 Ke6 70. f3 Ra4 71. Rb8 Kf6 72. Rb6+ Kf5 73. Rb7 Kf6 74. Rb8 Ke6 75. Rd8 Kf6 76. Rd4 Ra3+ 77. Kf4 Ra6 78. Re4 Ra5 79. Re8 Ra4+ 80. Re4 Ra5 81. g4 hxg4 82. fxg4 Ra1 83. Re3 Rh1 84. Rf3 Rxh4 85. Rb3 g5+ 86. Kg3 Rh8 87. Rb6+ Ke5 88. Rb5+ Kf6 89. Rb6+ Ke5 90. Rg6 Rb8 91. Rxg5+ Kf6 92. Rf5+ Kg6 93. Rc5 Rb1 94. Rc6+ Kg5 95. Rc5+ Kg6 96. Rc3 Rg1+ 97. Kh4 Rh1+ 98. Kg3 Rg1+ 99. Kf3 Rf1+ 100. Kg2 Rb1 101. Rc5 Rb3 102. Kh2 Ra3 103. Kg2 Rb3 104. Kf2 Ra3 105. Re5 Rb3 106. Re3 Rxe3 107. Kxe3 Kh6 108. Kf4 Kg6 109. Kf3 Kg5 110. Kg3 Kg6 111. Kf4 Kf6 112. g5+ Kg6 113. Kg4 Kg7 114. Kh5 Kh7 115. Kh4 Kg6 116. Kg4 Kg7 117. Kf5 Kf7 118. g6+ Kg7 119. Kg5 Kg8 120. Kh5 Kg7 121. Kg5 Kg8 122. Kf6 Kf8 123. Ke5 Kg7 124. Kf5 Kg8 125. Kf4 Kg7 126. Kg5 1/2-1/2


[Site "https://www.chess.com"]

[Event "Titled Tuesday Blitz March 08 Late 2022"]
[White "Arabidze, Meri"]
[Black "Maksimovic, Bojan"]
[WhiteFideId "13604040"]
[BlackFideId "14408120"]
[WhiteElo "2335"]
[BlackElo "2448"]
[Result "1-0"]
[Round "11"]
[TimeControl "180+1"]
[Date "2022.03.08"]
[WhiteClock "0:00:04"]
[BlackClock "0:00:01"]

1. d4 g6 2. Nf3 Bg7 3. g3 d6 4. Bg2 Nf6 5. O-O O-O 6. a4 a5 7. Re1 Nbd7 8. e4 e5 9. Nc3 c6 10. h3 Re8 11. Be3 h6 12. Qd2 Kh7 13. Rad1 Qc7 14. b3 Bf8 15. d5 Nb6 16. Nh4 Bd7 17. f4 cxd5 18. Nxd5 Nbxd5 19. exd5 exf4 20. gxf4 Ne4 21. Qd3 f5 22. c4 Nc5 23. Qc2 Bg7 24. Nf3 Qb6 25. Rb1 Rxe3 26. Rxe3 Nxa4 27. Qf2 Nc3 28. Rbe1 Ne4 29. Qc2 a4 30. bxa4 Bxa4 31. Qb1 Qc7 32. Kh2 Bd7 33. Rb3 Ra1 34. Qc2 Rxe1 35. Nxe1 Nc5 36. Re3 Qd8 37. Qe2 Bf6 38. Nf3 Ne4 39. Nd2 Nc5 40. Nf3 b6 41. Qd1 Kg7 42. Nd4 Bxd4 43. Qxd4+ Kf7 44. Qd2 Qf6 45. Qe2 Qd4 46. Rf3 1-0


[Site "https://www.chess.com"]

[Event "Titled Tuesday Blitz March 08 Late 2022"]
[White "Ardila, Oscar Humberto"]
[Black "Vargas Pereda, Jesus Manue"]
[WhiteFideId "4404742"]
[BlackFideId "5115710"]
[WhiteElo "1966"]
[BlackElo "1791"]
[Result "1-0"]
[Round "11"]
[TimeControl "180+1"]
[Date "2022.03.09"]
[WhiteClock "0:01:10"]
[BlackClock "0:01:19"]

1. d4 f5 2. c4 Nf6 3. Nc3 e6 4. Nf3 Bb4 5. Bd2 O-O 6. e3 Bxc3 7. Bxc3 b6 8. Be2 Bb7 9. O-O Ne4 10. Qc2 a5 11. Be1 d6 12. Nd2 Rf6 13. Nxe4 fxe4 14. c5 Rh6 15. cxb6 cxb6 16. Rc1 Na6 17. f4 Rc8 18. Qb3 Rxc1 19. f5 Bd5 20. Qa3 Rxe1 21. Rxe1 Qh4 22. Kf1 Nb4 23. Qc3 Nxa2 24. Qc8+ Kf7 25. Bb5 Rf6 26. Qe8# 1-0


[Site "https://www.chess.com"]

[Event "Titled Tuesday Blitz March 08 Late 2022"]
[White "Baker, Chris W"]
[Black "Petrova, Irina"]
[WhiteFideId "401676"]
[BlackFideId "14124122"]
[WhiteElo "2269"]
[BlackElo "1993"]
[Result "1-0"]
[Round "11"]
[TimeControl "180+1"]
[Date "2022.03.09"]
[WhiteClock "0:01:13"]
[BlackClock "0:00:27"]

1. c4 e5 2. Nc3 Nf6 3. g3 Bb4 4. Bg2 Bxc3 5. bxc3 O-O 6. Nf3 Nc6 7. O-O d6 8. d3 h6 9. Rb1 Rb8 10. Ba3 Bd7 11. Nd2 b6 12. Nb3 Re8 13. d4 e4 14. Bc1 a5 15. a4 Bc8 16. Bf4 Ba6 17. c5 dxc5 18. dxc5 Bc4 19. cxb6 1-0


[Site "https://www.chess.com"]

[Event "Titled Tuesday Blitz March 08 Late 2022"]
[White "Bortnyk, Olexandr"]
[Black "Praggnanandhaa R"]
[WhiteFideId "14120828"]
[BlackFideId "25059530"]
[WhiteElo "2723"]
[BlackElo "2599"]
[Result "1-0"]
[Round "11"]
[TimeControl "180+1"]
[Date "2022.03.08"]
[WhiteClock "0:00:06"]
[BlackClock "0:00:03"]

1. e4 c5 2. c3 d5 3. exd5 Qxd5 4. d4 Nf6 5. Nf3 Nc6 6. Be3 Bg4 7. dxc5 Qxd1+ 8. Kxd1 Nd5 9. Bb5 O-O-O 10. Kc1 f6 11. Bxc6 bxc6 12. b4 e5 13. Nfd2 Be2 14. Re1 Bd3 15. Kb2 a5 16. a3 g6 17. c4 Nxe3 18. fxe3 e4 19. Nc3 f5 20. Kb3 Bg7 21. Ra2 Be5 22. h3 h5 23. Na4 Kb7 24. bxa5 Ka6 25. Kb4 Rhe8 26. Nb3 Bg3 27. Rd1 f4 28. exf4 e3 29. Nc1 Bb1 30. Rxd8 Rxd8 31. Re2 Bxf4 32. Nc3 Rb8+ 33. Ka4 Bf5 34. N1a2 Rd8 35. Nb4+ Kb7 36. a6+ Kc7 37. Ncd5+ cxd5 38. Nxd5+ Rxd5 39. cxd5 Bd3 40. d6+ Kd7 41. a7 Be4 42. g3 Bh6 43. Kb5 Bf3 44. Kb6 Bc6 45. a4 Bf3 46. g4 h4 47. Ka5 Bc6 48. Kb4 Bf3 49. Re1 Kc8 50. Kc4 Bg5 51. Kd4 Kb7 52. d7 e2 53. Ke5 Kxa7 54. Kd6 Kb7 55. c6+ Bxc6 56. Rxe2 Bxa4 57. Re8 Bc6 58. d8=Q Bxd8 59. Rxd8 Bg2 60. Rh8 g5 61. Ke5 Bxh3 62. Kf5 Bg2 63. Kxg5 h3 64. Kf6 Kc6 65. g5 Kd5 66. g6 Kd4 67. g7 Bd5 68. Rxh3 1-0


[Site "https://www.chess.com"]

[Event "Titled Tuesday Blitz March 08 Late 2022"]
[White "Bryakin, Mikhail"]
[Black "Pavlidou, Ekaterini"]
[WhiteFideId "4165314"]
[BlackFideId "4213262"]
[WhiteElo "2417"]
[BlackElo "2127"]
[Result "1-0"]
[Round "11"]
[TimeControl "180+1"]
[Date "2022.03.08"]
[WhiteClock "0:02:37"]
[BlackClock "0:00:18"]

1. e4 c5 2. b4 cxb4 3. a3 b3 4. c3 Qb6 5. Bb2 Nc6 6. d4 d5 7. exd5 Na5 8. c4 Bf5 9. Nd2 Bc2 10. Qf3 Nf6 11. Be2 e6 12. c5 Qd8 13. d6 Nd5 14. Bb5+ Nc6 15. Ne2 Qa5 16. Bc4 O-O-O 17. Bxb3 Bxb3 18. Qxb3 f6 19. O-O-O g6 20. Nc4 Qa6 21. Nc3 Bh6+ 22. Kb1 Na5 23. Nxa5 Qxa5 24. Nxd5 exd5 25. Qxd5 Rhe8 26. Rd3 Re2 27. Rb3 Qa6 28. Qf3 Rde8 29. d7+ Kxd7 30. Rxb7+ Kc8 31. Rb3 R2e4 32. Rd1 Qc4 33. Qd3 Qxd3+ 34. Rdxd3 Re2 35. Rf3 Rd2 36. Rxf6 Re1+ 37. Ka2 Ree2 38. Rc6+ Kd7 39. Ra6 Rxd4 40. c6+ Kc8 41. Rb7 Rdd2 42. Raxa7 1-0


[Site "https://www.chess.com"]

[Event "Titled Tuesday Blitz March 08 Late 2022"]
[White "Butti, Enrique"]
[Black "Prohorov, Olexandr"]
[WhiteFideId "3700470"]
[BlackFideId "14105578"]
[WhiteElo "2080"]
[BlackElo "1993"]
[Result "0-1"]
[Round "11"]
[TimeControl "180+1"]
[Date "2022.03.09"]
[WhiteClock "0:01:52"]
[BlackClock "0:02:02"]

1. Nf3 g6 2. c4 Bg7 3. g3 c5 4. Bg2 Nc6 5. O-O e5 6. Nc3 Nge7 7. a3 O-O 8. Ne1 d6 9. Nc2 Be6 10. d3 d5 11. cxd5 Nxd5 12. Nxd5 Bxd5 13. Bxd5 Qxd5 14. Ne3 Qe6 15. Rb1 Rad8 16. Bd2 e4 17. dxe4 Qxe4 18. b4 cxb4 19. axb4 h5 20. h4 Be5 21. b5 Nd4 22. Rb4 Bd6 23. Rc4 Rc8 24. Re1 Rxc4 25. Nxc4 Bb8 26. Bc3 Nxb5 27. Bf6 Qxc4 0-1


[Site "https://www.chess.com"]

[Event "Titled Tuesday Blitz March 08 Late 2022"]
[White "Calcada, Lucas Galvan"]
[Black "Qashashvili, Alexandre"]
[WhiteFideId "22746099"]
[BlackFideId "13600842"]
[WhiteElo "1402"]
[BlackElo "2316"]
[Result "0-1"]
[Round "11"]
[TimeControl "180+1"]
[Date "2022.03.09"]
[WhiteClock "0:00:03"]
[BlackClock "0:02:32"]

1. e4 c6 2. d4 d5 3. e5 Bf5 4. Nc3 e6 5. Nge2 h6 6. Ng3 Bh7 7. Bd3 Bxd3 8. Qxd3 Bb4 9. Bd2 Nd7 10. Nce2 Bxd2+ 11. Qxd2 Ne7 12. f4 g6 13. O-O-O Nf5 14. Nxf5 gxf5 15. Kb1 Qb6 16. Qe3 O-O-O 17. c3 c5 18. Nc1 Kb8 19. Nb3 cxd4 20. cxd4 Rc8 0-1


[Site "https://www.chess.com"]

[Event "Titled Tuesday Blitz March 08 Late 2022"]
[White "Celestino, Rafael Teixeira"]
[Black "Andersson, Bjorn 1971"]
[WhiteFideId "2108925"]
[BlackFideId "1702114"]
[WhiteElo "2307"]
[BlackElo "2207"]
[Result "1-0"]
[Round "11"]
[TimeControl "180+1"]
[Date "2022.03.09"]
[WhiteClock "0:00:05"]
[BlackClock "0:00:46"]

1. e4 c5 2. Nf3 Nc6 3. d4 cxd4 4. Nxd4 Nf6 5. Nc3 e5 6. Ndb5 d6 7. Nd5 Nxd5 8. exd5 Ne7 9. Be2 Ng6 10. O-O Be7 11. g3 O-O 12. h4 f5 13. h5 Nh8 14. c4 Nf7 15. b4 Bg5 16. c5 Bxc1 17. Rxc1 f4 18. cxd6 Nxd6 19. Nc7 Bh3 20. Nxa8 fxg3 21. fxg3 Bxf1 22. Bxf1 Qxa8 23. Qg4 Qd8 24. Bd3 Qb6+ 25. Kh1 Qe3 26. Rd1 Kh8 27. Rf1 Rg8 28. Bb1 e4 29. Qf4 Qe2 30. Rf2 Qxh5+ 31. Kg2 Qg6 32. Rf1 h6 33. Rh1 Re8 34. Qe3 Qf6 35. Bc2 Qb2 36. Qe2 e3 37. Kh3 Qe5 38. Kh2 Qxd5 39. Rf1 Qe5 40. Kg1 Qxg3+ 41. Kh1 Qh4+ 42. Kg1 Qg5+ 43. Kh2 Ne4 44. Qf3 Qh4+ 45. Kg1 Ng3 46. Qf8+ Rxf8 47. Rxf8# 1-0


[Site "https://www.chess.com"]

[Event "Titled Tuesday Blitz March 08 Late 2022"]
[White "Chernomordik, Pavel"]
[Black "Kujawski, Adam"]
[WhiteFideId "2804530"]
[BlackFideId "1100920"]
[WhiteElo "2249"]
[BlackElo "2053"]
[Result "1-0"]
[Round "11"]
[TimeControl "180+1"]
[Date "2022.03.09"]
[WhiteClock "0:01:02"]
[BlackClock "0:00:03"]

1. e4 e5 2. Nf3 Nc6 3. Bb5 a6 4. Ba4 Nf6 5. Qe2 b5 6. Bb3 Bc5 7. a4 Rb8 8. axb5 axb5 9. c3 O-O 10. d3 d5 11. h3 h6 12. O-O dxe4 13. dxe4 Qe7 14. Nbd2 Be6 15. Bc2 Nd7 16. b4 Bd6 17. Bd3 Nd8 18. Bxb5 c5 19. bxc5 Nxc5 20. Bc4 Ndb7 21. Ba3 Ra8 22. Bb4 Rfb8 23. Bd5 Rxa1 24. Rxa1 Bxd5 25. exd5 Nd8 26. Bxc5 Bxc5 27. Qxe5 Qxe5 28. Nxe5 Bd6 29. Ndc4 Bxe5 30. Nxe5 Nb7 31. Rb1 Re8 32. Rxb7 Rxe5 33. d6 Re1+ 34. Kh2 Rd1 35. d7 Kf8 36. Rb8+ Ke7 37. d8=Q+ Rxd8 38. Rxd8 Kxd8 39. Kg3 Kd7 40. Kf4 Kd6 41. Ke4 Kc5 42. Kd3 f6 43. g4 g6 44. f4 g5 45. f5 Kd5 46. c4+ Ke5 47. Ke3 h5 48. gxh5 Kxf5 49. c5 Ke6 50. h6 f5 51. c6 1-0


[Site "https://www.chess.com"]

[Event "Titled Tuesday Blitz March 08 Late 2022"]
[White "Chigaev, Maksim"]
[Black "Kamsky, Gata"]
[WhiteFideId "4108116"]
[BlackFideId "2000024"]
[WhiteElo "2502"]
[BlackElo "2645"]
[Result "1-0"]
[Round "11"]
[TimeControl "180+1"]
[Date "2022.03.08"]
[WhiteClock "0:02:14"]
[BlackClock "0:01:16"]

1. d4 Nf6 2. c4 g6 3. Nc3 Bg7 4. e4 d6 5. Nf3 O-O 6. Be2 Bg4 7. Be3 Bxf3 8. Bxf3 e5 9. d5 Nfd7 10. g4 Qh4 11. Qd2 Qh3 12. Be2 a5 13. O-O-O Na6 14. Rdg1 Nac5 15. Rg3 1-0


[Site "https://www.chess.com"]

[Event "Titled Tuesday Blitz March 08 Late 2022"]
[White "Corallo, Michael"]
[Black "Clawitter, Craig"]
[WhiteFideId "2024152"]
[BlackFideId "2023105"]
[WhiteElo "2150"]
[BlackElo "2260"]
[Result "0-1"]
[Round "11"]
[TimeControl "180+1"]
[Date "2022.03.09"]
[WhiteClock "0:01:07"]
[BlackClock "0:00:51"]

1. e4 e6 2. d4 d5 3. e5 c5 4. c3 Qb6 5. Nf3 Nc6 6. a3 Nh6 7. b4 cxd4 8. cxd4 Nf5 9. Bb2 Bd7 10. g4 Nh6 11. h3 f6 12. Nc3 fxe5 13. dxe5 Nf7 14. Na4 Qd8 15. Rc1 Ng5 16. Nxg5 Qxg5 17. Qd2 Nxe5 18. Qxg5 Nf3+ 19. Ke2 Nxg5 20. Nc5 Bxc5 21. Rxc5 O-O 22. Rc7 Rf7 23. Bg2 Bb5+ 0-1


[Site "https://www.chess.com"]

[Event "Titled Tuesday Blitz March 08 Late 2022"]
[White "Cupid, Kevin"]
[Black "Osmonbekov, Talaibek"]
[WhiteFideId "7700512"]
[BlackFideId "2017253"]
[WhiteElo "2096"]
[BlackElo "2135"]
[Result "0-1"]
[Round "11"]
[TimeControl "180+1"]
[Date "2022.03.09"]
[WhiteClock "0:00:02"]
[BlackClock "0:00:01"]

1. d4 e6 2. c4 f5 3. e4 fxe4 4. Nc3 Nf6 5. Bg5 Bb4 6. Ne2 d5 7. a3 Be7 8. Nf4 c6 9. Be2 O-O 10. O-O Qe8 11. f3 Nfd7 12. Nxe6 Bxg5 13. Nxg5 exf3 14. Nxf3 Qe3+ 15. Kh1 Nf6 16. Ne5 Nbd7 17. cxd5 Nxe5 18. dxe5 Qxe5 19. dxc6 bxc6 20. Bf3 Rb8 21. Re1 Qc7 22. Qd4 Rd8 23. Qc4+ Kh8 24. b4 Bf5 25. Qxc6 Qf4 26. Ne2 Qh4 27. Ng3 Bg4 28. Rf1 h6 29. Qc5 Bxf3 30. Rxf3 Rd5 31. Qc7 Rbd8 32. Raf1 R8d7 33. Nf5 Qg5 34. Qc8+ Kh7 35. h4 Qg4 36. Rg3 Rxf5 37. Rxg4 Rxf1+ 38. Kh2 Nxg4+ 39. Kg3 Nf6 40. Qc2+ g6 41. h5 Rf5 42. hxg6+ Kxg6 43. Kh4 Rd4+ 44. Kh3 Ne4 45. Qc6+ Kg5 46. Qc8 Rd3+ 47. Kh2 Rf4 48. Qg8+ Kf5 49. Qf7+ Nf6 50. Qb7 h5 51. Qb5+ Rd5 52. Qb7 Kg5 0-1


[Site "https://www.chess.com"]

[Event "Titled Tuesday Blitz March 08 Late 2022"]
[White "Dardha, Daniel"]
[Black "Salinas Herrera, Pablo"]
[WhiteFideId "240990"]
[BlackFideId "3407128"]
[WhiteElo "2482"]
[BlackElo "2541"]
[Result "1-0"]
[Round "11"]
[TimeControl "180+1"]
[Date "2022.03.08"]
[WhiteClock "0:01:18"]
[BlackClock "0:00:24"]

1. d4 d5 2. c4 e6 3. Nc3 Nf6 4. cxd5 exd5 5. Bg5 c6 6. e3 h6 7. Bh4 Bd6 8. Bd3 O-O 9. Qc2 Re8 10. Nge2 a5 11. h3 Na6 12. a3 Nc7 13. O-O Ne6 14. Rad1 Ng5 15. Nf4 Bd7 16. Bf5 Rc8 17. Na4 Bxf5 18. Qxf5 Qd7 19. Qxd7 Nxd7 20. Bxg5 hxg5 21. Nd3 f6 22. g3 Kf7 23. Kg2 b6 24. Rc1 c5 25. Nc3 c4 26. Ne1 Ke6 27. a4 f5 28. Nf3 Be7 29. g4 g6 30. Rb1 Rc6 31. Nd2 Rec8 32. e4 fxe4 33. Ndxe4 R6c7 34. Nd2 Nf6 35. Nf3 Bb4 36. Nxg5+ Kd7 37. Rfe1 Rc6 38. Re5 Rd6 39. Rbe1 Kc6 40. Nf7 Rd7 41. Re6+ 1-0


[Site "https://www.chess.com"]

[Event "Titled Tuesday Blitz March 08 Late 2022"]
[White "Debray, Christopher"]
[Black "Hambleton, Aman"]
[WhiteFideId "630810"]
[BlackFideId "2606577"]
[WhiteElo "2393"]
[BlackElo "2552"]
[Result "1-0"]
[Round "11"]
[TimeControl "180+1"]
[Date "2022.03.08"]
[WhiteClock "0:00:44"]
[BlackClock "0:00:02"]

1. d4 Nf6 2. Nf3 e6 3. c4 b6 4. Nc3 Bb7 5. Bf4 Bb4 6. Qb3 a5 7. a3 a4 8. Qc2 Bxc3+ 9. Qxc3 d6 10. e3 O-O 11. Bd3 Ne4 12. Qc2 f5 13. O-O Nd7 14. Nd2 e5 15. Bg3 Nxd2 16. Qxd2 exd4 17. exd4 Qf6 18. f3 Qxd4+ 19. Bf2 Qf6 20. Rfe1 Rae8 21. Bc2 Bc6 22. Bd4 Qf7 23. Qc3 h6 24. b3 axb3 25. Bxb3 Nc5 26. Bc2 Qg6 27. Kf2 Ne6 28. Be3 Qh5 29. Kg1 Kh8 30. a4 f4 31. Bd2 Ng5 32. Rxe8 Rxe8 33. Bxf4 Re2 34. Re1 Rxe1+ 35. Qxe1 1-0


[Site "https://www.chess.com"]

[Event "Titled Tuesday Blitz March 08 Late 2022"]
[White "Desideri, Ricardo Maruchi"]
[Black "Mangialardo, Tiago Carvalho"]
[WhiteFideId "2110440"]
[BlackFideId "2130718"]
[WhiteElo "1945"]
[BlackElo "2075"]
[Result "0-1"]
[Round "11"]
[TimeControl "180+1"]
[Date "2022.03.09"]
[WhiteClock "0:00:02"]
[BlackClock "0:00:26"]

1. e4 e5 2. f4 exf4 3. Bc4 d5 4. Bxd5 Nf6 5. Nc3 Nxd5 6. Nxd5 Bd6 7. d4 c6 8. Nxf4 O-O 9. Nf3 Bg4 10. O-O Qb6 11. c4 Bxf4 12. Bxf4 Qxb2 13. Rf2 Qa3 14. c5 Nd7 15. h3 Bh5 16. Qb3 Qa6 17. Rb1 b6 18. Be3 Bg6 19. Ng5 h6 0-1


[Site "https://www.chess.com"]

[Event "Titled Tuesday Blitz March 08 Late 2022"]
[White "Dilmukhametov, Artur"]
[Black "Senft, Sean"]
[WhiteFideId "24179922"]
[BlackFideId "2044960"]
[WhiteElo "2298"]
[BlackElo "2502"]
[Result "0-1"]
[Round "11"]
[TimeControl "180+1"]
[Date "2022.03.09"]
[WhiteClock "0:00:32"]
[BlackClock "0:01:49"]

1. e4 c5 2. Nf3 d6 3. Bb5+ Nd7 4. O-O a6 5. Bxd7+ Bxd7 6. h3 Nf6 7. d3 Bc6 8. c4 e5 9. Nc3 Be7 10. Nh4 O-O 11. Nf5 Re8 12. Bg5 Bf8 13. f4 Kh8 14. fxe5 dxe5 15. Nh6 Qd7 16. Bxf6 gxf6 17. Rxf6 Bxh6 18. Rxh6 Rg8 19. Qh5 Rg7 20. Qxe5 Qxd3 21. Kh2 Qd2 22. Qxg7+ Kxg7 23. Rh4 Qxb2 0-1


[Site "https://www.chess.com"]